 Dungeon Crawl Stone Soup version 0.30-a0-23-ge60ba3568b (webtiles) character file.

Game seed: 16779607312411440757

4269 purpskrrrp the Chopper (level 10, 0/144 HPs)
             Began as a Troll Fighter on Aug 24, 2022.
             Was an Initiate of Gozag.
             Killed from afar by an electric eel (13 damage)
             ... with a bolt of electricity
             ... on level 8 of the Dungeon.
             The game lasted 00:24:31 (6858 turns).

purpskrrrp the Chopper (Troll Fighter)              Turns: 6858, Time: 00:24:32

Health: 0/144      AC:  4    Str: 33    XL:     10   Next: 10%
Magic:  9/9        EV: 13    Int:  4    God:    Gozag
Gold:   463        SH:  8    Dex:  9    Spells: 9/9 levels left

rFire   . . .      SeeInvis .    d - +4 war axe (elec)
rCold   + . .      Faith    .    b - +0 kite shield
rNeg    . . .      Spirit   .    a - +0 robe
rPois   .          Reflect  .    (helmet restricted)
rElec   .          Harm     .    f - -1 cloak of the Blacksmith {Drain Fly Str+3 Slay+4}
rCorr   .          Rampage  .    (gloves unavailable)
Will    .....                    (boots unavailable)
Stlth   ..........               (no amulet)
HPRegen 1.14/turn                j - ring of protection from cold
MPRegen 0.11/turn                G - +4 ring of evasion

@: berserking, gold aura, flying, very quick
A: large, unfitting armour, claws 3, regeneration 1, shaggy fur 1, tough skin 1
a: Renounce Religion, Potion Petition, Call Merchant, Bribe Branch


You were on level 8 of the Dungeon.
You worshipped Gozag.
Gozag was aware of your devotion.
You visited 1 branch of the dungeon, and saw 8 of its levels.
You also visited: Sewer.

You collected 1594 gold pieces.
You spent 587 gold pieces at shops.
You paid 544 gold pieces to Gozag.

Inventory:

Hand Weapons
 d - a +4 war axe of electrocution (weapon)
Missiles
 h - a throwing net
 F - 7 large rocks (quivered)
 K - 3 atropa-tipped darts
Armour
 a - a +0 robe (worn)
 b - a +0 kite shield (worn)
 f - the -1 cloak of the Blacksmith (worn) {Drain Fly Str+3 Slay+4}
   (You acquired it on level 1 of the Dungeon)

   Str:       It affects your strength (+3).
   Slay:      It affects your accuracy & damage with ranged weapons and melee
   (+4).
   Fly:       It grants you flight.
   Drain:     It drains your maximum health when unequipped.
Jewellery
 j - a ring of protection from cold (left claw)
 k - a ring of ice
 E - a ring of positive energy
 G - a +4 ring of evasion (right claw)
 H - a ring of fire
Wands
 r - a wand of paralysis (8)
 D - a wand of digging (5)
Scrolls
 g - a scroll of amnesia
 i - 2 scrolls of magic mapping
 p - a scroll of enchant weapon
 q - 6 scrolls of teleportation
 s - a scroll of brand weapon
 v - a scroll of vulnerability
Potions
 e - 2 potions of curing
 l - 2 potions of invisibility
 m - a potion of magic
 n - a potion of haste
 o - a potion of berserk rage {unknown}
 t - 2 potions of mutation {unknown}
 u - a potion of resistance
 w - a potion of ambrosia {unknown}
 x - 2 potions of brilliance
 z - a potion of attraction {unknown}
 A - 3 potions of flight
 B - a potion of cancellation {unknown}
 C - 2 potions of lignification {unknown}


   Skills:
 + Level 5.5 Fighting
 * Level 7.0 Axes
 + Level 5.5 Dodging
 + Level 6.0 Shields
 + Level 6.4 Unarmed Combat


You had 9 spell levels left.
You didn't know any spells.
Your spell library contained the following spells:

 Spells                   Type           Power      Damage    Failure   Level
 Portal Projectile        Hex/Tloc       0%         N/A       98%         3
 Tukima's Dance           Hex            0%         N/A       98%         3
 Blade Hands              Tmut           0%         N/A       100%        5


Dungeon Overview and Level Annotations

Branches:
Dungeon (8/15)             Temple (0/1) D:5           Sewer (visited)
   Lair: D:8-11

Altars:
Gozag
Okawaru
The Shining One

Shops:
D:5 =*   D:8 [


Innate Abilities, Weirdness & Mutations

You are too large for most types of armour.
You have claws for hands.
Your natural rate of healing is unusually fast.
You are covered in fur. (AC +1)
You have tough skin. (AC +1)


Message History

Cleave: d) +4 war axe (elec)
Press: ? - help, Dir - move target, f - electric eel
Aim: an electric eel (about 48% to evade your +4 war axe of electrocution)
You closely miss the electric eel.
The electric eel shoots out a bolt of lightning at you!
The bolt of electricity hits you! The bolt of electricity misses you.
The bolt of electricity hits the electric eel.
The electric eel completely resists.
Cleave: d) +4 war axe (elec)
Press: ? - help, Dir - move target, f/p - electric eel
Aim: an electric eel (about 48% to evade your +4 war axe of electrocution)
You closely miss the electric eel.
Cleave: d) +4 war axe (elec)
Press: ? - help, Dir - move target, f/p - electric eel
Aim: an electric eel (about 48% to evade your +4 war axe of electrocution)
You slash the electric eel!
The electric eel is severely wounded.
The electric eel shoots out a bolt of lightning at you!
The bolt of electricity hits you. The bolt of electricity hits you!
The bolt of electricity hits the electric eel.
The electric eel completely resists.
The electric eel shoots out a bolt of lightning at you!
The bolt of electricity hits you!
* * * LOW HITPOINT WARNING * * *
The bolt of electricity misses you.
Cleave: d) +4 war axe (elec)
Press: ? - help, Dir - move target, f/p - electric eel
Aim: an electric eel (severely wounded, about 48% to evade your +4 war axe of electrocution)
You closely miss the electric eel.
The electric eel is severely wounded.
The centaur shouts!
The centaur wields a +0 shortbow.
The centaur shoots an arrow.
The arrow hits you!
* * * LOW HITPOINT WARNING * * *
The electric eel shoots out a bolt of lightning at you!
The bolt of electricity hits you!
* * * LOW HITPOINT WARNING * * *
The bolt of electricity hits you!
You die...
Your body crumbles into a pile of gold.

.....#>.###.##.#....~.
......#..... #.#..~~.≈≈≈
......#⌠.⌠####.#...≈≈≈≈≈
........∩..#......~≈≈≈≈~
.....##⌠.⌠.........~≈≈~.
.......))..$........≈≈~~
........)..#.$.....~≈~≈.
$....##.#....$$$.S~S.~~≈
..... #.##.....<@...~~≈.
#...$ #.##...$##..~.~≈~~
#.# #..#.#........~~~~ #
..............~..~
............~~~..~
##..$.............
#......#.##.....#
#...[..#. ...c.# $


You could see a centaur and 2 electric eels.

Vanquished Creatures
  A troll (D:7)
  Sigmund (D:5)
  2 yaks
  A steam dragon (D:7)
  Menkaure (D:4)
  An acid dragon (D:6)
  A sky beast (D:7)
  2 orc warriors
  An ice beast (D:5)
  2 ogres (D:6)
  3 wolves
  2 black bears (D:6)
  2 phantoms
  2 bullfrogs
  2 gnoll sergeants
  4 scorpions
  A necrophage (D:6)
  6 wights
  10 killer bees
  An electric eel (D:8)
  A howler monkey (D:6)
  2 jellies
  4 hounds
  2 orc priests (D:8)
  2 iguanas
  An orc wizard (D:6)
  13 gnolls
  13 adders
  5 river rats (Sewer)
  2 shadow imps
  5 white imps (D:6)
  2 ufetubi (D:6)
  4 worms
  A dart slug (D:4)
  15 orcs
  16 ball pythons
  7 bats
  6 endoplasms
  5 giant cockroaches
  8 hobgoblins
  13 jackals
  5 quokkas
  10 frilled lizards
  13 goblins
  3 kobolds
  20 rats
224 creatures vanquished.

Vanquished Creatures (others)
  4 demonic plants (D:6)
  13 plants (D:1)
17 creatures vanquished.

Grand Total: 241 creatures vanquished

Notes
Turn   | Place    | Note
-------+----------+-------------------------------------------
     0 | D:1      | purpskrrrp the Troll Fighter began the quest for the Orb.
     0 | D:1      | Reached XP level 1. HP: 22/22 MP: 0/0
   117 | D:1      | Found a faded altar of an unknown god.
   187 | D:1      | Reached XP level 2. HP: 24/29 MP: 1/1
   359 | D:1      | Reached skill level 1 in Axes
   436 | D:1      | Reached XP level 3. HP: 34/36 MP: 2/2
   921 | D:1      | Found an opulent altar of Gozag.
   934 | D:1      | Identified a scroll of acquirement
   934 | D:1      | Acquired the -1 cloak of the Blacksmith {Drain Fly Str+3
                  | Slay+4}
   954 | D:1      | Became a worshipper of Gozag Ym Sagoz the Greedy
  1091 | D:2      | Reached XP level 4. HP: 40/44 MP: 3/3
  1662 | D:3      | Found a glowing drain.
  1673 | D:3      | Reached skill level 2 in Axes
  1682 | Sewer    | Entered a sewer
  1757 | Sewer    | Reached XP level 5. HP: 42/52 MP: 4/4
  2798 | D:4      | Reached XP level 6. HP: 58/61 MP: 5/5
  2859 | D:4      | Noticed Menkaure
  2885 | D:4      | Killed Menkaure
  2886 | D:4      | Reached skill level 3 in Axes
  3459 | D:5      | Entered Level 5 of the Dungeon
  3459 | D:5      | Found Idghaok's Jewellery Shoppe.
  3501 | D:5      | Bought a +4 ring of evasion for 540 gold pieces
  3618 | D:5      | Reached XP level 7. HP: 67/67 MP: 6/6
  3664 | D:5      | Noticed Sigmund
  3676 | D:5      | Killed Sigmund
  3710 | D:5      | Reached skill level 4 in Axes
  3825 | D:5      | Found a staircase to the Ecumenical Temple.
  4134 | D:5      | Found Gystruc's CLEARANCE SALE!.
  4142 | D:5      | Bought a scroll of identify for 10 gold pieces
  4142 | D:5      | Bought a scroll of enchant weapon for 37 gold pieces
  4365 | D:6      | Reached XP level 8. HP: 73/78 MP: 7/7
  4520 | D:6      | Found a glowing golden altar of the Shining One.
  4635 | D:6      | Reached skill level 5 in Axes
  4851 | D:6      | Reached skill level 5 in Unarmed Combat
  4860 | D:6      | Reached skill level 5 in Shields
  5062 | D:6      | Reached XP level 9. HP: 85/85 MP: 8/8
  5443 | D:7      | Reached skill level 5 in Fighting
  5443 | D:7      | Reached skill level 6 in Axes
  5836 | D:7      | Found an iron altar of Okawaru.
  5931 | D:7      | Reached skill level 5 in Dodging
  6598 | D:8      | Found Dotaevua's Armour Boutique.
  6660 | D:8      | Noticed a troll
  6667 | D:8      | Reached XP level 10. HP: 37/96 MP: 9/9
  6842 | D:7      | Reached skill level 7 in Axes
  6858 | D:8      | Killed from afar by an electric eel

Illustrated notes

Levels and vault maps discovered:
D:1:      dpeg_arrival_lava_altar, layout_basic,
          shapermc_ecumenical_altar_starsandcircs, serial_bayou_lagoon_a
D:2:      layout_rooms, fountainhead
D:3:      layout_loops_ring, portal_sewer_entry_a, serial_aquarium,
          aquarium_bridge_long_separate [aquarium_subvault_window,
          aquarium_subvault_bridge, aquarium_subvault_window,
          aquarium_subvault_wall, aquarium_subvault_wall,
          aquarium_subvault_bridge], aquarium_bridge_straight
          [aquarium_subvault_bridge, aquarium_subvault_balcony,
          aquarium_subvault_bridge, aquarium_subvault_window],
          aquarium_window_2, aquarium_window_2, aquarium_view_2a,
          aquarium_view_2e, aquarium_balcony_5b, aquarium_pool_four
D:4:      layout_loops_ring, ebering_dispersal_statue_hall, uniq_menkaure
D:5:      layout_loops_corners, minmay_temple_entry_waves,
          nicolae_stop_n_shop_2, dreamdust_mushroom_princess,
          eino_small_chamber_without_monster, nicolae_shop_clearance,
          uniq_sigmund
D:6:      layout_rooms, mainiacjoe_overflow_small_starburst, serial_demonic,
          serial_demonic_d, serial_demonic_b, serial_demonic_f,
          serial_demonic_g, chequers_serial_rivers_small_3, minmay_microvault
D:7:      layout_loops_ring, mainiacjoe_overflow_alcove_4,
          serial_co_window_serial, co_window_paths_a,
          co_window_of_opportunity_a, co_window_paths_b,
          co_window_of_opportunity_a, co_window_paths_a, co_window_corner_a,
          co_window_cross_1, co_window_of_opportunity_a,
          co_window_of_opportunity_a, co_window_broadway_a,
          co_window_broadway_a, co_window_2corner, co_window_paths_c,
          glass_columns_a
D:8:      layout_rooms, lemuel_mausoleum_altar_yredelemnul,
          nicolae_ru_great_annihilating_truth, erik_lair_island, serial_shops,
          shop_fountains

Skill      XL: |  1  2  3  4  5  6  7  8  9 10 |
---------------+-------------------------------+-----
Axes           | 1 2 3 4 5 6 7 |  7.0
Shields        | 3 4 5 6 |  6.0
Fighting       | 3 4 5 |  5.5
Dodging        | 3 4 5 |  5.5
Unarmed Combat | 3 4 5 6 |  6.4

Action                   |  1- 3 |  4- 6 |  7- 9 | 10-12 || total
-------------------------+-------+-------+-------+-------++-------
Melee: War axe           |   116 |   164 |   191 |     8 ||   479
Invok: Potion Petition   |       |       |     1 |     1 ||     2
  Use: Scroll            |     3 |     7 |     9 |     1 ||    20
       Potion            |       |       |     5 |     1 ||     6
 Stab: Sleeping          |     2 |     2 |       |       ||     4
       Distracted        |     1 |     1 |     2 |       ||     4
Armor: Robe              |    54 |    38 |    28 |     2 ||   122
Dodge: Dodged            |    52 |    58 |   152 |    11 ||   273
Block: Kite shield       |    38 |    58 |   107 |    10 ||   213

Table legend: (Time is in decaauts)
 A = Elapsed time spent in this place.
 B = Non-inter-level travel time spent in this place.
 C = Inter-level travel time spent in this place.
 D = Time resting spent in this place.
 E = Time spent auto-exploring this place.
 F = Levels seen in this place.
 G = Mean time per level.
                   A        B        C        D        E       F      G
               +--------+--------+--------+--------+--------+-----+--------+
         Total |   7070 |   6955 |    115 |    316 |   4713 |   9 |  785.6 |
       Dungeon |   6620 |   6505 |    115 |    316 |   4463 |   8 |  827.5 |
         Sewer |    449 |    449 |      0 |      0 |    250 |   1 |  449.0 |
               +--------+--------+--------+--------+--------+-----+--------+

Top non-repeatable levels by time:
     D:7: 1556 daAuts
     D:1: 1028 daAuts
     D:5: 992 daAuts
     D:3: 903 daAuts
     D:6: 759 daAuts
     D:4: 741 daAuts
     D:2: 533 daAuts
   Sewer: 449 daAuts
     D:8: 104 daAuts
